 Dungeon Crawl Stone Soup version 0.31.0-12-g77e489cdc1 (webtiles) character file.

Game seed: 14716477694465663569

44669 Baz the Tortoise (level 13, -5/124 HPs)
             Began as a Minotaur Hunter on Feb 27, 2024.
             Was the Champion of Dithmenos.
             Slain by Rupert
             ... wielding a +1 heavy great mace
              (44 damage)
             ... on level 4 of the Lair of Beasts.
             The game lasted 00:35:57 (15384 turns).

Baz the Tortoise (Minotaur Hunter)                 Turns: 15384, Time: 00:35:57

Health: -5/124     AC: 32    Str: 26    XL:     13   Next: 97%
Magic:  12/12      EV: 32    Int: 12    God:    Dithmenos [******]
Gold:   733        SH:  0    Dex: 18    Spells: 12/12 levels left

rFire   . . .        b - +4 dagger of Nihuisah {drain, rC++ Str+3 Int+6}
rCold   + + .        (no shield)
rNeg    . . .        r - +18 Lear's hauberk
rPois   .            (helmet currently unavailable)
rElec   .            (no cloak)
rCorr   .            (gloves currently unavailable)
SInv    .            (boots currently unavailable)
Will    .....        y - amulet of the acrobat Stlth
                     h - +6 ring of strength
HPRegen 0.40/turn    q - +5 ring of evasion
MPRegen 0.13/turn

%: acrobat
@: acrobatic, wreathed by umbra
A: horns 2, retaliatory headbutt
a: Renounce Religion, Shadow Step, Shadow Form


You were on level 4 of the Lair of Beasts.
You worshipped Dithmenos.
Dithmenos was exalted by your worship.
You visited 2 branches of the dungeon, and saw 15 of its levels.

You collected 757 gold pieces.
You spent 24 gold pieces at shops.

Inventory:

Hand Weapons
 a - a +0 shortbow
 b - the +4 dagger of Nihuisah (weapon) {drain, rC++ Str+3 Int+6}
   (You found it on level 6 of the Dungeon)

   Str+3:     It affects your strength (+3).
   Int+6:     It affects your intelligence (+6).
   rC++:      It greatly protects you from cold.
 F - a +2 dagger of electrocution
Missiles
 J - a throwing net (quivered)
Armour
 r - the +18 Lear's hauberk (worn)
   (You found it on level 2 of the Dungeon)
Jewellery
 h - a +6 ring of strength (left hand)
 p - a ring of protection from cold
 q - a +5 ring of evasion (right hand)
 y - an amulet of the acrobat (around neck)
 H - a ring of protection from fire
 K - a ring of poison resistance
 P - an amulet of faith
 R - an amulet of guardian spirit
Wands
 c - a wand of mindburst (34)
 k - a wand of paralysis (2)
 w - a wand of polymorph (9)
 x - a wand of roots (15)
 z - a wand of flame (36)
 D - a wand of acid (3)
Scrolls
 d - 2 scrolls of noise
 e - 3 scrolls of butterflies
 g - 2 scrolls of silence
 i - 3 scrolls of blinking
 j - 2 scrolls of amnesia
 l - 2 scrolls of poison
 o - a scroll of immolation
 v - 5 scrolls of fear
 A - 3 scrolls of teleportation {unknown}
 C - a scroll of brand weapon {unknown}
 E - 2 scrolls of acquirement
 G - a scroll of enchant armour {unknown}
 M - a scroll of identify
 Q - a scroll of enchant weapon {unknown}
 S - a scroll of vulnerability {unknown}
Potions
 f - 2 potions of cancellation
 m - 4 potions of resistance
 n - a potion of might
 s - 3 potions of lignification {unknown}
 t - a potion of curing
 u - 2 potions of magic
 B - 4 potions of brilliance {unknown}
 I - 3 potions of attraction
 L - 3 potions of invisibility {unknown}
 N - 2 potions of heal wounds
 O - a potion of haste
Miscellaneous
 T - a tin of tremorstones (2/2)


   Skills:
 + Level 14.1 Fighting
 - Level 12.0 Short Blades
 * Level 14.1 Ranged Weapons
 - Level 18.1 Armour
 + Level 5.3 Dodging
 + Level 3.0 Stealth


You had 12 spell levels left.
You didn't know any spells.
Your spell library contained the following spells:

 Spells                   Type           Power      Damage    Failure   Level
 Apportation              Tloc           0%         N/A       67%         1
 Magic Dart               Conj           0%         1d3       67%         1
 Necrotise                Necr           0%         1d4       67%         1
 Sandblast                Erth           0%         2d4       67%         1
 Sting                    Conj/Alch      0%         1d3       67%         1
 Summon Small Mammal      Summ           0%         N/A       67%         1
 Mercury Vapours          Alch/Air       0%         N/A       80%         2
 Searing Ray              Conj           0%         2d4       80%         2
 Gell's Gravitas          Tloc           0%         N/A       95%         3
 Passwall                 Erth           0%         N/A       95%         3
 Stone Arrow              Conj/Erth      0%         3d7       95%         3
 Teleport Other           Tloc           0%         N/A       95%         3
 Animate Armour           Summ/Erth      0%         N/A       100%        4
 Brom's Barrelling Bould  Conj/Erth      0%         2d3       100%        4
 Fulminant Prism          Conj/Alch      0%         3d5       100%        4
 Olgreb's Toxic Radiance  Alch           0%         N/A       100%        4
 Fireball                 Conj/Fire      0%         3d3       100%        5
 Iskenderun's Battlesphe  Conj           0%         2d6       100%        5
 Conjure Ball Lightning   Conj/Air       0%         3x3d6     100%        6
 Dispersal                Tloc           0%         N/A       100%        6
 Orb of Destruction       Conj           0%         9d5       100%        7
 Ozocubu's Refrigeration  Ice            0%         4d7       100%        7
 Discord                  Hex            0%         N/A       100%        8
 Lehudib's Crystal Spear  Conj/Erth      0%         10d2      100%        8


Dungeon Overview and Level Annotations

Branches:
Dungeon (10/15)            Temple (0/1) D:7            Lair (5/5) D:8
 Shoals (0/4) Lair:3        Snake (0/4) Lair:3          Orc (0/2) D:10
  Slime: Lair:4-5

Altars:
Ashenzari
Dithmenos
Elyvilon
Nemelex Xobeh
Okawaru
Ru
Xom
Yredelemnul
Zin

Shops:
D:1 :!   D:5 ::?   D:10 (

Annotations:
D:10 3 runed translucent doors, MasterdooM's ghost, journeyman MiBe
Lair:4 Rupert


Innate Abilities, Weirdness & Mutations

You have a pair of horns on your head.
You reflexively headbutt those who attack you in melee.


Message History

You sense an unholy aura.
b - the +4 dagger of Nihuisah (weapon)
{drain, rC++ Str+3 Int+6} You bump into the rock wall.
You feel less confused.
Rupert hits you with a +1 heavy great mace!!
You emit a cloud of dark smoke.
Unknown command.
You hit Rupert. You drain Rupert. Your headbutt misses Rupert.
Rupert is lightly wounded.
Unknown command.
You hit Rupert. Your headbutt misses Rupert.
Rupert is lightly wounded.
Your shadow hits Rupert but does no damage.
Rupert completely misses you.
You barely miss Rupert. You headbutt Rupert.
Rupert is moderately wounded.
Rupert hits you with a +1 heavy great mace!!
You hit Rupert but do no damage.
Rupert is moderately wounded.
Unknown command.
Aiming: Fastroot
Press: ? - help, Shift-Dir - straight line, f/p - Rupert
Aim: Rupert, wielding a +1 heavy great mace and wearing a +1 leather armour of poison resistance (black smoke, moderately wounded, berserk, lightly drained, umbra)
The roots erupt in riotous growth!
Roots grab Rupert.
The grasping roots constrict Rupert.
You hear an angry hiss.
You hear a trumpeting!
Rupert hits you with a +1 heavy great mace!!
* * * LOW HITPOINT WARNING * * *
You emit a cloud of dark smoke.
Unknown command.
Unknown command.
The grasping roots constrict Rupert.
The roots release their grip on Rupert.
Blink to where?
Press: ? - help, Dir - move target, p - Rupert
As you read the scroll of blinking, it crumbles to dust.
Rupert attacks as he pursues you!
Rupert hits you with a +1 heavy great mace!!!
You die...
Rupert roars with triumph.

#P....P##.....................#
###.#######...##.........#..###
##..# ##..##..#.....#...###
####§.## #......##[.....÷..÷..
.§§§§§.######P..#..########...###
.§###§..P#.###.###..# #..##
.P#.#..........###.## #...#
..........#.#####..### ##..#
....#P.........@@....## #.##
....##..####.(.#......# #.#
.#..###.. ##.#.......## ###.###
.#..# ##.. ............# #...#.##
. .## ...#.#)........####...<..
.. ...#P....##..# ##..#P# .
.........>..P.# ######
...###..#..#.PP# #..#..##.PP# ###


You could see Rupert (berserk, drained).

Vanquished Creatures
  Harold (D:9)
  2 hydras (Lair:5)
  3 two-headed ogres
  3 boulder beetles
  5 death yaks (Lair:3)
  Pikel (D:9)
  11 elephants
  5 black mambas
  11 cane toads
  4 komodo dragons
  Jeremiah (Lair:1)
  2 rime drakes (Lair:5)
  A troll (D:10)
  A merfolk (Lair:3)
  A hornet (Lair:5)
  Prince Ribbit (D:9)
  5 blink frogs
  23 dream sheep
  5 slime creatures (D:8)
  A shadow (D:10)
  Eustachio (D:4)
  9 wyverns
  50 yaks
  3 basilisks
  2 wraiths
  Grum (Lair:1)
  2 steam dragons (D:10)
  2 humans (D:8)
  A vampire mosquito (D:10)
  3 nagas (Lair:3)
  2 acid dragons (D:10)
  18 water moccasins
  2 ice beasts
  9 orc warriors
  A black bear (Lair:3)
  A sky beast (D:8)
  2 ogres
  2 wolves (Lair:1)
  6 centaurs
  Blork the orc (D:5)
  2 lemures (D:9)
  A kobold brigand (D:7)
  9 bullfrogs
  A gnoll sergeant (D:9)
  12 wights
  34 killer bees
  3 howler monkeys
  3 electric eels (D:10)
  6 hounds
  4 iguanas
  15 orc priests
  2 gnoll boudas
  2 sleepcaps
  Ijyb (D:4)
  22 orc wizards
  7 hell rats (Lair:1)
  15 gnolls
  4 adders
  A white imp (D:8)
  4 ufetubi
  3 ribbon worms
  3 dart slugs
  49 orcs
  3 endoplasms
  5 giant cockroaches
  5 goblins
  6 hobgoblins
  3 quokkas
  6 ball pythons
  4 bats
  4 frilled lizards
  11 kobolds
  4 rats
459 creatures vanquished.

Vanquished Creatures (others)
  A yak (D:10)
  A howler monkey (D:10)
2 creatures vanquished.

Grand Total: 461 creatures vanquished

Notes
Turn   | Place    | Note
-------+----------+-------------------------------------------
     0 | D:1      | Baz the Minotaur Hunter began the quest for the Orb.
     0 | D:1      | Reached XP level 1. HP: 18/18 MP: 0/0
    53 | D:1      | Found Amidoofa's Distillery.
    91 | D:1      | Found Tujor's Book Boutique.
   195 | D:1      | Reached skill level 1 in Stealth
   280 | D:1      | Reached XP level 2. HP: 25/25 MP: 1/1
   452 | D:1      | Found Umofiam's Distillery.
   739 | D:1      | Reached skill level 1 in Armour
  1130 | D:2      | Reached XP level 3. HP: 31/31 MP: 2/2
  1337 | D:2      | Found the +18 Lear's hauberk
  1891 | D:3      | Reached XP level 4. HP: 38/38 MP: 3/3
  1973 | D:3      | Found a faded altar of an unknown god.
  2342 | D:4      | Noticed a centaur
  2355 | D:3      | Killed a centaur
  2356 | D:3      | Reached skill level 1 in Short Blades
  2356 | D:3      | Reached skill level 5 in Ranged Weapons
  2356 | D:3      | Reached skill level 2 in Armour
  2356 | D:3      | Reached XP level 5. HP: 46/46 MP: 4/4
  2654 | D:4      | Reached skill level 3 in Armour
  2704 | D:4      | Reached XP level 6. HP: 46/52 MP: 5/5
  2748 | D:4      | Noticed Eustachio
  2811 | D:4      | Killed Eustachio
  2812 | D:4      | Reached skill level 4 in Armour
  3022 | D:4      | Noticed Ijyb
  3039 | D:4      | Killed Ijyb
  3244 | D:4      | Reached XP level 7. HP: 54/60 MP: 6/6
  3451 | D:4      | Identified the +0 leather armour of the Sky {Harm rPois
                  | rC+}
  3485 | D:5      | Entered Level 5 of the Dungeon
  3502 | D:5      | Reached skill level 5 in Armour
  3503 | D:5      | Found a glowing silver altar of Zin.
  3505 | D:5      | Found a basalt altar of Yredelemnul.
  3530 | D:5      | Noticed Blork the orc
  3548 | D:5      | Killed Blork the orc
  3549 | D:5      | Reached skill level 5 in Fighting
  3593 | D:5      | Reached skill level 6 in Armour
  3718 | D:5      | Reached skill level 7 in Armour
  3800 | D:5      | Found Loetiarph's Book Boutique.
  3800 | D:5      | Found Ufait's Magic Scroll Emporium.
  3816 | D:5      | Found Koexkueh's Book Shoppe.
  3866 | D:5      | Bought a scroll of identify for 24 gold pieces
  3922 | D:5      | Found a shadowy altar of Dithmenos.
  3950 | D:5      | Became a worshipper of Dithmenos the Shadowed
  3968 | D:5      | Reached XP level 8. HP: 69/69 MP: 7/7
  4345 | D:5      | Found a sparkling altar of Nemelex Xobeh.
  4520 | D:6      | Identified the +4 dagger of Nihuisah {drain, rC++ Str+3
                  | Int+6}
  4542 | D:6      | Reached skill level 8 in Armour
  4835 | D:6      | Reached * piety under Dithmenos
  4868 | D:6      | Reached skill level 9 in Armour
  5221 | D:6      | Reached skill level 10 in Armour
  5365 | D:7      | Found a staircase to the Ecumenical Temple.
  5372 | D:7      | Reached skill level 5 in Short Blades
  5716 | D:7      | Identified a scroll of acquirement
  5757 | D:7      | Reached XP level 9. HP: 45/78 MP: 8/8
  5772 | D:7      | Reached skill level 11 in Armour
  5792 | D:7      | Reached ** piety under Dithmenos
  6369 | D:8      | Reached skill level 12 in Armour
  6383 | D:8      | Found an iron altar of Okawaru.
  6584 | D:8      | Reached skill level 13 in Armour
  6685 | D:8      | Reached XP level 10. HP: 74/88 MP: 9/9
  6871 | D:8      | Reached skill level 14 in Armour
  7074 | D:8      | Found a staircase to the Lair.
  7222 | D:8      | Found a broken altar of Ashenzari.
  7502 | D:9      | Reached skill level 15 in Armour
  7528 | D:9      | Noticed Harold
  7583 | D:9      | Noticed a two-headed ogre
  7585 | D:9      | Noticed Prince Ribbit
  7585 | D:9      | Noticed a two-headed ogre
  7585 | D:9      | Noticed Pikel
  7593 | D:9      | Killed a two-headed ogre
  7613 | D:9      | Killed a two-headed ogre
  7628 | D:9      | Killed Prince Ribbit
  7628 | D:9      | Reached *** piety under Dithmenos
  7688 | D:9      | Killed Pikel
  7739 | D:9      | Killed Harold
  7740 | D:9      | Reached XP level 11. HP: 99/99 MP: 10/10
  7913 | D:9      | Reached skill level 10 in Fighting
  7919 | D:9      | Reached skill level 10 in Ranged Weapons
  8130 | D:10     | Entered Level 10 of the Dungeon
  8130 | D:10     | Found a runed translucent gate.
  8130 | D:10     | Found a runed translucent gate.
  8130 | D:10     | Found a runed translucent gate.
  8636 | D:10     | Reached skill level 16 in Armour
  8680 | D:10     | Found a sacrificial altar of Ru.
  8791 | D:10     | Found a white marble altar of Elyvilon.
  8860 | D:10     | Reached **** piety under Dithmenos
  9362 | D:10     | Found a staircase to the Orcish Mines.
  9406 | D:10     | Found Ynnuehuy's Weapon Shop.
  9409 | D:10     | Noticed a boulder beetle
  9439 | D:10     | Noticed a two-headed ogre
  9452 | D:10     | Killed a two-headed ogre
  9497 | D:10     | Killed a boulder beetle
  9517 | D:10     | Found a shimmering altar of Xom.
  9710 | D:10     | Noticed MasterdooM's ghost (journeyman MiBe)
  9899 | Lair:1   | Entered Level 1 of the Lair of Beasts
  9934 | Lair:1   | Noticed Jeremiah
  9948 | Lair:1   | Killed Jeremiah
 10068 | Lair:1   | Noticed Grum
 10108 | Lair:1   | Killed Grum
 10319 | Lair:1   | Reached skill level 10 in Short Blades
 10319 | Lair:1   | Reached XP level 12. HP: 110/110 MP: 11/11
 10752 | Lair:1   | Reached ***** piety under Dithmenos
 11332 | Lair:1   | Identified the +0 trident "Acsaq" {flame, Will+ Int+2 Dex+3
                  | Stlth+}
 11528 | Lair:2   | Reached skill level 17 in Armour
 12696 | Lair:3   | Reached XP level 13. HP: 119/119 MP: 12/12
 13107 | Lair:3   | Found a staircase to the Snake Pit.
 13318 | Lair:3   | Reached skill level 18 in Armour
 13599 | Lair:3   | Found a staircase to the Shoals.
 13661 | Lair:3   | Reached ****** piety under Dithmenos
 14509 | Lair:4   | You fall into a shaft and drop 1 floor!
 14509 | Lair:5   | Entered Level 5 of the Lair of Beasts
 14918 | Lair:5   | Reached skill level 5 in Dodging
 15358 | Lair:4   | Noticed Rupert
 15384 | Lair:4   | Slain by Rupert

Illustrated notes

Levels and vault maps discovered:
D:1:      psy_arrival_whirlpool, layout_loops_cross, serial_shops,
          nicolae_square_shop, shop, nicolae_book_shop_shelving,
          minmay_misc_feat_nine_boxes, minmay_fountain_box,
          nicolae_concentric_dashed_squares_wild, minmay_tall_x
D:2:      layout_basic, chequers_serial_rivers_small_b
D:3:      layout_rooms, hellmonk_ecumenical_altar_lost_god, serial_bayou,
          serial_bayou_shore_b, serial_bayou_lagoon_a, serial_bayou_lake_a,
          serial_bayou_pond_c
D:4:      layout_gridville, minmay_misc_feat_five, minmay_manual_moon,
          uniq_ijyb, uniq_eustachio
D:5:      layout_loops_cross, nicolae_overflow_hidden_temple,
          mainiacjoe_overflow_surrounded_room,
          nemelex_xobeh_ov_fountains_minmay, minivault_1, serial_park_tiny_1,
          nicolae_wooded_promenade, chequers_serial_rivers_micro_d,
          uniq_blork_the_orc
D:6:      layout_basic
D:7:      layout_gridville, minmay_temple_entry_glass, kennysheep_generic_room_6
D:8:      layout_cave_pods, lemuel_round_altar, okawaru_humans,
          david_lair_shrubbed
D:9:      layout_rooms, uniq_harold, uniq_pikel, uniq_prince_ribbit1
D:10:     layout_basic, elyvilon_altar_3, overflow_temple_1_default,
          xom_confusion_cloud, david_orc_4, ebering_ghost_rock_garden,
          serial_glass, glass_columns_b, glass_columns_a, glass_columns_b,
          glass_columns_a, glass_columns_a, glass_columns_a, glass_columns_b,
          glass_columns_a, serial_shops, shop, nrook_loot_triangle
Lair:1:   wad_woods_minihive, layout_loops_ring, infiniplex_staircase_pool,
          uniq_jeremiah, uniq_grum
Lair:2:   layout_chaotic_city
Lair:3:   layout_layer_cave, elwin_shoals_entry_rooms,
          guppyfry_snake_entry_garden, st_stairs_6, lemuel_fruit_fields
Lair:4:   layout_loops_ring, slime_entry_1, minmay_stone_trees_large,
          nzn_sisyphean_effort, uniq_rupert
Lair:5:   hangedman_lair_tendril_chambers, layout_regular_city, wormcave

Skill      XL: |  1  2  3  4  5  6  7  8  9 10 11 12 13 |
---------------+----------------------------------------+-----
Stealth        | 1 3 |  3.0
Armour         | 1 2 3 4 7 10 13 15 16 17 18 | 18.1
Fighting       | 3 4 5 6 8 9 11 12 14 | 14.1
Dodging        | 3 5 |  5.3
Short Blades   | 1 2 3 5 6 8 10 11 12 | 12.0
Ranged Weapons | 5 6 7 8 9 11 12 14 | 14.1

Action                     |  1- 3 |  4- 6 |  7- 9 | 10-12 | 13-15 || total
---------------------------+-------+-------+-------+-------+-------++-------
  Melee: Short sword       |    21 |    58 |    13 |       |       ||    92
         Headbutt          |     2 |    13 |    60 |   256 |   134 ||   465
         Unarmed           |       |    13 |       |       |       ||    13
         Punch             |       |     1 |     3 |    13 |    10 ||    27
         Dagger            |       |       |   204 |   918 |   450 ||  1572
         Shortbow          |       |       |     3 |       |       ||     3
   Fire: Shortbow          |    77 |    52 |   237 |   366 |    70 ||   802
  Evoke: Wand              |       |     2 |       |     5 |     2 ||     9
    Use: Scroll            |       |       |    13 |     3 |     1 ||    17
         Potion            |       |       |       |       |     1 ||     1
   Stab: Confused          |       |     1 |       |       |       ||     1
 Armour: Leather armour    |    22 |       |       |       |       ||    22
         Chain mail        |     8 |    69 |   164 |   352 |   158 ||   751
         Skin              |       |     5 |       |       |       ||     5
  Dodge: Dodged            |    31 |   100 |   266 |   623 |   250 ||  1270
